 Dungeon Crawl Stone Soup version 0.22.1-2-g9c5b331 (webtiles) character file.

8351 Goblin1989 the Cleaver (level 11, -2/99 HPs)
             Began as a Deep Dwarf Fighter on Jan 3, 2019.
             Was a Priest of Makhleb.
             Slain by a white ugly thing (15 damage)
             ... on level 11 of the Dungeon on Jan 6, 2019.
             The game lasted 00:31:28 (8412 turns).

Goblin1989 the Cleaver (Deep Dwarf Fighter)         Turns: 8412, Time: 00:31:30

Health: -2/99      AC: 18    Str: 35      XL:     11   Next: 8%
Magic:  9/9        EV: 10    Int: 16      God:    Makhleb [***...]
Gold:   63         SH: 12    Dex: 11 (12) Spells: 10/10 levels left

rFire    . . .     SeeInvis .   a - +0 war axe
rCold    . . .     Gourm    .   c - +0 shield
rNeg     + . .     Faith    .   R - +3 chain mail of the Old World {rN+ Int+3}
rPois    .         Spirit   .   (no helmet)
rElec    .         Reflect  .   S - +0 cloak "Nocixzy" {Str+7 Int+4} (curse)
rCorr    .         Harm     .   y - +1 pair of gloves
MR       +....                  (no boots)
Stlth    ..........             (no amulet)
HPRegen  0.00/turn              H - ring of attention
MPRegen  0.11/turn              U - +2 ring of protection

@: mighty, non-regenerating, studying Fighting, heavily drained
A: damage resistance, heal wounds, sense surroundings 2, no regeneration
a: Heal Wounds, Minor Destruction, Lesser Servant of Makhleb, Renounce Religion


You were on level 11 of the Dungeon.
You worshipped Makhleb.
Makhleb was most pleased with you.
You were not hungry.

You visited 3 branches of the dungeon, and saw 13 of its levels.

You collected 881 gold pieces.
You spent 818 gold pieces at shops.

Inventory:

Hand Weapons
 a - a +0 war axe (weapon)
 b - a +1 hand axe of flaming
 w - a +0 blowgun {@w1}
 N - a +1 short sword of distortion {!w}
Missiles
 z - 250 arrows
 A - 91 bolts
 C - 222 stones (quivered) {@Q3}
 D - 112 sling bullets
 F - 23 poisoned needles
 P - 5 curare-tipped needles
Armour
 c - a +0 shield (worn)
 y - a +1 pair of gloves (worn)
 R - the +3 chain mail of the Old World (worn) {rN+ Int+3}
   (You bought it in a shop on level 6 of the Dungeon)

   It affects your intelligence (+3).
   It protects you from negative energy.
 S - the cursed +0 cloak "Nocixzy" (worn) {Str+7 Int+4}
   (You bought it in a shop on level 6 of the Dungeon)

   It affects your strength (+7).
   It affects your intelligence (+4).
   It has a curse placed upon it.
 V - a +0 plate armour
Jewellery
 H - a ring of attention (left hand)
 U - a +2 ring of protection (right hand)
Wands
 T - a wand of iceblast (8) {@v4}
 X - a wand of enslavement (17)
Scrolls
 h - 4 scrolls of fog {unknown}
 i - 4 scrolls of magic mapping {unknown}
 l - 2 scrolls of teleportation {!r, @r2}
 n - 3 scrolls of amnesia
 p - a scroll of fear {unknown}
 q - 2 scrolls of enchant armour
 u - 4 scrolls of remove curse {@r3}
 L - a scroll of blinking {unknown}
 M - 2 scrolls of torment {unknown}
 W - a scroll of enchant weapon {unknown}
 Z - a scroll of random uselessness {unknown}
Potions
 f - a potion of resistance {unknown}
 k - 4 potions of degeneration
 o - 4 potions of curing {@q1}
 s - 3 potions of ambrosia
 t - 4 potions of flight
 v - 2 potions of heal wounds {unknown}
 I - a potion of haste {@q3,}
 K - a potion of cancellation {unknown}
 O - 3 potions of brilliance {unknown}
 Y - 2 potions of lignification {unknown}
Books
 Q - a manual of Fighting
Comestibles
 e - 25 rations
 J - 12 chunks of flesh


   Skills:
 + Level 6.6(5.2) Fighting
 * Level 10.4(8.8) Axes
 + Level 7.9(6.4) Armour
 + Level 7.1(5.6) Dodging
 + Level 8.0(6.5) Shields
 - Level 5.3(3.9) Invocations
 + Level 5.4(4.0) Evocations


You had 10 spell levels left.
You didn't know any spells.
Your spell library contained the following spells:

 Spells                   Type           Power        Failure   Level  Hunger
 Confusing Touch          Hex            #.....       95%         1    ##.....
 Corona                   Hex            #......      95%         1    ##.....
 Sting                    Conj/Pois      #...         95%         1    ##.....
 Ensorcelled Hibernation  Hex/Ice        #.....       99%         2    ###....
 Poisonous Vapours        Pois/Air       #.....       99%         2    ###....
 Confuse                  Hex            #.......     100%        3    ####...
 Dazzling Spray           Conj/Hex       #.....       100%        3    ####...
 Gell's Gravitas          Tloc           #.........   100%        3    ####...
 Mephitic Cloud           Conj/Pois/Air  #.......     100%        3    ####...
 Tukima's Dance           Hex            #.......     100%        3    ####...
 Olgreb's Toxic Radiance  Pois           #.......     100%        4    #####..
 Petrify                  Tmut/Erth      #.......     100%        4    #####..
 Metabolic Englaciation   Hex/Ice        #.........   100%        5    ######.
 Venom Bolt               Conj/Pois      #.........   100%        5    ######.
 Yara's Violent Unravell  Hex/Tmut       #.........   100%        5    ######.


Dungeon Overview and Level Annotations

Branches:
Dungeon (11/15)            Temple (1/1) D:6             Orc (1/2) D:9
   Lair: D:8-11

Altars:
Gozag
Kikubaaqudgha
Makhleb
Nemelex Xobeh
Ru
Trog
Uskayaw
Xom
The Shining One
Beogh

Shops:
D:5 ?   D:6 *   D:9 =

Annotations:
D:10 Nergalle


Innate Abilities, Weirdness & Mutations

You are resistant to damage.
You can heal yourself by infusing magical energy.
You passively map the area around you.
You do not regenerate.


Message History

Makhleb accepts your kill.
You feel better.
You hit the spectral orc warrior.
You hit the spectral orc knight but do no damage.
You hit the spectral orc warrior.
You hit the spectral orc warrior but do no damage.
The spectral orc knight misses you.
The spectral orc warrior hits you but does no damage.
You block the spectral orc knight's attack.
Your hellwing hits the spectral orc knight.
Your hellwing closely misses the spectral orc knight.
You block the spectral orc warrior's attack.
Nergalle barely misses you.
You regained 7 hp, and now have 57/99 hp.
You hit Nergalle but do no damage.
Nergalle is heavily wounded.
You slash the spectral orc warrior!
Your shield prevents you from hitting the spectral orc.
Your shield and chain mail of the Old World prevent you from hitting the You hit the spectral orc knight but do no damage.
You hit the spectral orc warrior but do no damage. x2
The spectral orc knight hits you but does no damage.
The spectral orc warrior hits you but does no damage.
You block the spectral orc warrior's attack. x2
The spectral orc hits you but does no damage.
Your hellwing hits the spectral orc knight!
The spectral orc knight is destroyed!
The spectral orc knight closely misses you.
Nergalle points at you and mumbles some strange words.
The bolt of negative energy hits you! You partially resist.
You feel drained.
The spectral orc warrior completely misses you.
You block the spectral orc warrior's attack.
You take 4 damage, and have 53/99 hp.
You barely miss Nergalle.
Nergalle is heavily wounded.
Your chain mail of the Old World prevents you from hitting the spectral orc You slash the spectral orc!
You destroy the spectral orc!
You hit the spectral orc warrior. You slash the spectral orc warrior!
You closely miss the spectral orc warrior.
The spectral orc warrior hits you but does no damage.
The spectral orc warrior barely misses you.
You block the spectral orc knight's attack.
Nergalle hits you but does no damage.
The spectral orc warrior hits you but does no damage.
The spectral orc warrior closely misses you.
The spectral orc warrior hits your hellwing but does no damage.
The spectral orc warrior misses your hellwing.
Your hellwing hits the spectral orc warrior but does no damage.
Your hellwing hits the spectral orc warrior!
The spectral orc warrior is destroyed!
The spectral orc warrior hits your hellwing with a long sword.
Your hellwing hits the spectral orc warrior.
Your hellwing barely misses the spectral orc warrior.
The spectral orc warrior hits your hellwing but does no damage. x2
You block the spectral orc knight's attack.
Your hellwing hits the spectral orc warrior.
Your hellwing hits the spectral orc warrior but does no damage.
You block the spectral orc knight's attack.
Nergalle asks, "There's a tasty morsel, hm?"
The spectral orc warrior hits your hellwing but does no damage.
The spectral orc knight barely misses your hellwing.
Your hellwing hits the spectral orc warrior.
Your hellwing hits the spectral orc warrior but does no damage.
Your hellwing hits the spectral orc warrior.
Your hellwing hits the spectral orc warrior but does no damage.
Your hellwing barely misses the spectral orc warrior.
Your hellwing hits the spectral orc warrior but does no damage.
The spectral orc warrior hits your hellwing with a short sword.
The spectral orc warrior completely misses your hellwing.
The spectral orc warrior barely misses you.
The spectral orc knight is no longer moving quickly.
Nergalle hits your hellwing but does no damage.
Your hellwing hits the spectral orc warrior. x2
The spectral orc warrior hits your hellwing but does no damage.
There is a stone staircase leading down here.
You can't go up here!
Unknown command.
Nergalle hits your hellwing but does no damage.
You block the spectral orc knight's attack.
Your hellwing hits Nergalle but does no damage.
Your hellwing barely misses Nergalle.
You climb downwards.
You feel a wave of frost pass over you.
There is an entrance to an ice cave on this level.
Hurry and find it before the A bullfrog, an ugly thing and an ogre come into view.
The ogre shouts!
The bullfrog croaks.
Found a stone staircase leading up.
There is a stone staircase leading up here.
The ogre barely misses you.
You feel very mighty all of a sudden.
Unknown command.
The white ugly thing headbutts you but does no damage.
You slice the white ugly thing!!
The white ugly thing is moderately wounded.
The white ugly thing headbutts you. The white ugly thing freezes you!!
* * * LOW HITPOINT WARNING * * *
The white ugly thing headbutts you!
* * * LOW HITPOINT WARNING * * *
The white ugly thing freezes you!
You die... ███ ▓ ▓█..· ·· ██.█ ▓█ █ ██@█ ·██. <█ █u██

█.. ..█ ▓
██.███.█ ..[█·
██O█.█ ..... ▓
██F.█...... ▓▓
█.<...F?.. ▓
...............
·
.██████.█......
· █.█.██.██ ·


You could see a white ugly thing.

Vanquished Creatures
  A hydra (D:8)
  An orc sorcerer (Orc:1)
  Grinder (D:5)
  A polar bear (D:8)
  2 dream sheep (D:8)
  4 yaks (D:8)
  2 water moccasins
  2 sky beasts
  7 orc warriors
  A black bear (D:6)
  2 ice beasts (D:8)
  A phantom (D:4)
  A necrophage (D:7)
  10 centaurs
  6 ogres
  A wolf (D:8)
  3 big kobolds (D:8)
  A hornet simulacrum (D:8)
  A scorpion (D:8)
  A water moccasin skeleton (D:8)
  6 killer bees (D:8)
  3 howler monkeys
  2 electric eels (D:8)
  A jelly (D:5)
  A quasit (D:10)
  A bullfrog zombie (D:5)
  4 hounds
  Crazy Yiuf (D:6)
  9 orc priests
  18 orc wizards
  A centaur skeleton (D:9)
  5 worker ants
  2 centaur simulacra (D:8)
  4 gnolls
  15 adders
  2 hound simulacra (D:8)
  4 white imps (D:8)
  An ufetubus (D:8)
  2 oozes
  An adder zombie (D:8)
  An adder skeleton (D:8)
  6 worms
  A dart slug (D:1)
  An adder simulacrum (D:8)
  3 leopard geckos
  36 orcs
  A bat zombie (D:4)
  9 giant cockroaches
  8 goblins
  10 hobgoblins
  5 jackals
  7 quokkas
  A ball python (D:4)
  6 bats
  6 frilled lizards
  A jackal skeleton (D:7)
  13 kobolds
  A quokka skeleton (D:4)
  A quokka zombie (D:8)
  11 rats
  3 rat zombies (D:4)
263 creatures vanquished.

Vanquished Creatures (collateral kills)
  Sonja (D:10)
  2 orc warriors (Orc:1)
  2 centaurs (D:10)
  A hound skeleton (D:10)
  3 orcs
9 creatures vanquished.

Vanquished Creatures (others)
  A yak (D:8)
  A hound (D:10)
  2 orc wizards
4 creatures vanquished.

Grand Total: 276 creatures vanquished

Notes
Turn   | Place    | Note
-------+----------+-------------------------------------------
     0 | D:1      | Goblin1989 the Deep Dwarf Fighter began the quest for the
                  | Orb.
     0 | D:1      | Reached XP level 1. HP: 20/20 MP: 1/1
   208 | D:1      | Reached XP level 2. HP: 21/27 MP: 2/2
   394 | D:1      | Reached skill level 1 in Dodging
   506 | D:1      | Reached XP level 3. HP: 27/33 MP: 2/2
   606 | D:1      | Reached skill level 3 in Axes
   757 | D:2      | Goblin1989: !lg yermak
   757 | D:2      | XtahuaRules: 4094. Yermak the Impaler (L21 GnSu of
                  | Cheibriados), shot by a yaktaur (bolt) (led by a yaktaur
                  | captain) on Vaults:5 (vaults_vault; vaults_end_dpeg_shops2)
                  | on 2019-01-05 05:24:55, with 336073 points after 12218
                  | turns and 4:14:04.
   963 | D:2      | Reached XP level 4. HP: 42/42 MP: 3/3
   994 | D:2      | Noticed an ogre
  1002 | D:2      | Killed an ogre
  1002 | D:2      | Reached XP level 5. HP: 49/49 MP: 4/4
  1051 | D:2      | Reached skill level 4 in Axes
  1329 | D:3      | Found a shimmering altar of Xom.
  1831 | D:3      | Reached XP level 6. HP: 39/56 MP: 5/5
  2434 | D:4      | Found an opulent altar of Gozag.
  2642 | D:4      | Found a hide-covered altar of Uskayaw.
  2722 | D:4      | Reached skill level 5 in Axes
  2840 | D:4      | Found an ancient bone altar of Kikubaaqudgha.
  3059 | D:5      | Entered Level 5 of the Dungeon
  3097 | D:5      | Noticed Grinder
  3114 | D:5      | Paralysed by Grinder for 2 turns
  3122 | D:5      | Killed Grinder
  3122 | D:5      | Reached XP level 7. HP: 36/64 MP: 6/6
  3143 | D:5      | Found Idduak's Magic Scroll Shoppe.
  3152 | D:5      | Bought a scroll of identify for 26 gold pieces
  3152 | D:5      | Bought a scroll of teleportation for 39 gold pieces
  3152 | D:5      | Bought a scroll of amnesia for 45 gold pieces
  3152 | D:5      | Bought a scroll of enchant armour for 97 gold pieces
  3152 | D:5      | Bought a scroll of identify for 26 gold pieces
  3166 | D:5      | Reached skill level 5 in Shields
  3168 | D:5      | Reached skill level 5 in Armour
  3248 | D:5      | Found a sacrificial altar of Ru.
  3310 | D:5      | Reached skill level 6 in Axes
  3491 | D:5      | Reached XP level 8. HP: 51/72 MP: 5/5
  3622 | D:6      | Found a staircase to the Ecumenical Temple.
  3640 | Temple   | Entered the Ecumenical Temple
  3649 | Temple   | Became a worshipper of Makhleb the Destroyer
  4083 | D:6      | Reached skill level 1 in Invocations
  4109 | D:6      | Found Eqeudeuwk's Assorted Antiques.
  4137 | D:6      | Bought a scroll labeled YFFAB UW QUOS for 28 gold pieces
  4137 | D:6      | Bought a red potion for 25 gold pieces
  4229 | D:6      | Found a glowing golden altar of the Shining One.
  4242 | D:6      | Reached skill level 7 in Axes
  4298 | D:6      | Found a runed door.
  4976 | D:7      | Reached * piety under Makhleb
  5288 | D:8      | Gained mutation: You passively map the area around you.
                  | [Deep Dwarf growth]
  5288 | D:8      | Reached XP level 9. HP: 71/80 MP: 5/5
  5348 | D:8      | Reached skill level 5 in Fighting
  5374 | D:8      | Reached skill level 5 in Dodging
  5386 | D:8      | Noticed a polar bear
  5405 | D:8      | Killed a polar bear
  5405 | D:8      | Reached skill level 8 in Axes
  5523 | D:8      | Reached skill level 1 in Evocations
  5688 | D:8      | Reached ** piety under Makhleb
  5941 | D:8      | Reached skill level 9 in Axes
  5953 | D:8      | Reached XP level 10. HP: 91/91 MP: 7/7
  6018 | D:8      | Noticed a two-headed hydra
  6022 | D:8      | Killed a one-headed hydra
  6022 | D:8      | Reached skill level 5 in Invocations
  6727 | D:9      | Found a staircase to the Orcish Mines.
  6787 | D:9      | Found a roughly hewn altar of Beogh.
  6797 | D:9      | Reached *** piety under Makhleb
  7128 | D:9      | Found Visom's Jewellery Boutique.
  7245 | Orc:1    | Entered Level 1 of the Orcish Mines
  7259 | Orc:1    | Reached skill level 10 in Axes
  7268 | Orc:1    | Noticed an orc sorcerer
  7296 | Orc:1    | Paralysed by an orc sorcerer for 5 turns
  7370 | Orc:1    | Noticed a sun demon
  7370 | Orc:1    | Killed an orc sorcerer
  7370 | Orc:1    | Reached skill level 5 in Evocations
  7730 | Orc:1    | Noticed an orc knight
  7928 | D:6      | Bought a translucent cloak for 266 gold pieces
  7928 | D:6      | Bought a bronze chain mail for 266 gold pieces
  7939 | D:6      | Identified the +3 chain mail of the Old World {rN+ Int+3}
                  | (You bought it in a shop on level 6 of the Dungeon)
  7949 | D:6      | Identified the cursed +0 cloak "Nocixzy" {Str+7 Int+4} (You
                  | bought it in a shop on level 6 of the Dungeon)
  8059 | D:6      | Noticed Crazy Yiuf
  8065 | D:6      | Killed Crazy Yiuf
  8171 | D:9      | crauler: неплохая клоака
  8171 | D:9      | Goblin1989: еще бы
  8211 | D:10     | Entered Level 10 of the Dungeon
  8283 | D:10     | Noticed Sonja
  8293 | D:10     | crauler: разведка подземелья это у ДД? я за них пару раз
                  | наверное играл
  8293 | D:10     | Goblin1989: да, врожденная мутация
  8293 | D:10     | Goblin1989: на самом деле нинужно применро совсем
  8296 | D:10     | crauler: ну да, только порталы находить
  8296 | D:10     | Killed Sonja
  8296 | D:10     | Reached XP level 11. HP: 75/99 MP: 9/9
  8355 | D:10     | Noticed Nergalle
  8402 | D:11     | Noticed a white ugly thing
  8412 | D:11     | Slain by a white ugly thing

Skill      XL: |  1  2  3  4  5  6  7  8  9 10 |
---------------+-------------------------------+-----
Dodging        | 1 2 3 4 5 7 |  7.1
Axes           | 3 4 5 6 7 9 10 | 10.4
Fighting       | 3 4 5 6 |  6.6
Armour         | 4 5 6 7 |  7.9
Shields        | 4 5 6 7 8 |  8.0
Invocations    | 2 4 5 |  5.3
Evocations     | 3 5 |  5.4

Action                   |  1- 3 |  4- 6 |  7- 9 | 10-12 || total
-------------------------+-------+-------+-------+-------++-------
Melee: War axe           |   153 |   273 |   527 |   374 ||  1327
       Hand axe          |       |       |       |     5 ||     5
Invok: Lesser Servant of |       |       |       |    10 ||    10
 Abil: Heal Wounds       |     3 |     2 |    14 |    13 ||    32
Evoke: Wand              |       |       |     2 |     2 ||     4
  Use: Scroll            |       |       |     5 |     1 ||     6
       Potion            |       |       |     1 |     2 ||     3
 Stab: Distracted        |       |       |       |     3 ||     3
  Eat: Chunk             |       |     8 |     9 |    10 ||    27
Armor: Scale mail        |    73 |    70 |       |       ||   143
       Plate armour      |       |    61 |   320 |   148 ||   529
       Chain mail        |       |       |       |    84 ||    84
Dodge: Dodged            |    57 |    81 |   148 |   128 ||   414
Block: Shield            |    99 |   156 |   308 |   229 ||   792

Vault maps used:
D:1:      mrwooster_arrival_statue_3
D:3:      xom_teletrap_fun
D:4:      lemuel_zombie_altar_kikubaaqudgha,
          nicolae_gozag_cash_rules_everything_around_me,
          lemuel_coloured_pillars_altar, grunt_ministairs_9
D:5:      nicolae_ru_sacrificial_ziggurat, serial_shops, shop, first_ration,
          uniq_grinder
D:6:      minmay_temple_entry_butterflies, basic_altar, serial_shops,
          nicolae_shop_overgrown_old_shop, uniq_crazy_yiuf_cottage
D:8:      serial_ice, serial_ice_k, serial_ice_e, serial_ice_n, serial_ice_o,
          serial_ice_g, serial_ice_c, serial_ice_m, hangedman_ranch
D:9:      minmay_orc_entry_temple_small, serial_shops, kennysheep_mini_moat
D:10:     lair_entry_dummy, nicolae_trove_entry_path_of_doom,
          minmay_misc_feat_ornament, uniq_nergalle, uniq_sonja
D:11:     portal_ice_cave_entry_animals_and_master
Temple:   compressed_dpeg_circular_temple
Orc:1:    nicolae_orc_accident_2
